Map: [ESL] Moondance

Players

Classic - Winner!

  • Race: Protoss Protoss
  • Spawn Location: 6:00

ByuN

  • Race: Terran Terran
  • Spawn Location: 12:00

VOD

Have the link to the VOD?

Description

Time

  • Played on: Oct. 15, 2022, 11:35 p.m.
  • Length: 34:21
Show
View Real Time Build Order
Export as new Build Order

Classic Protoss - Winner!

Build Orders: 1 Gate Expand, Phoenix Opening, Carriers, Colossus Rush 

Get SALT Encoding   

  12  0:00  Probe  
  13  0:12  Probe  
  14  0:18  Pylon  
  14  0:24  Probe  
  15  0:36  Gateway  
  15  0:37  Probe (Chrono Boost)  
  16  0:46  Assimilator, Probe (Chrono Boost)  
  17  0:51  Probe (Chrono Boost)  
  18  1:03  Probe  
  19  1:15  Probe  
  20  1:23  Cybernetics Core  
  20  1:30  Nexus  
  20  1:37  Pylon  
  20  1:40  Probe  
  20  1:45  Assimilator  
  21  1:52  Probe  
  22  1:56  Adept (Chrono Boost)  
  22  2:00  Warp Gate  
  24  2:04  Probe  
  25  2:16  Probe  
  25  2:19  Adept  
  28  2:28  Probe  
  29  2:32  Stargate  
  29  2:37  Shield Battery  
  29  2:41  Probe (Chrono Boost)  
  29  2:42  Probe (Chrono Boost)  
  31  2:49  Adept  
  34  2:52  Probe (Chrono Boost)  
  34  2:54  Probe (Chrono Boost)  
  34  2:57  Probe (Chrono Boost)  
  35  2:58  Probe (Chrono Boost)  
  37  3:07  Probe  
  37  3:09  Probe  
  39  3:15  Pylon  
  39  3:19  Probe  
  40  3:21  Probe  
  40  3:25  Phoenix (Chrono Boost)  
  42  3:31  Probe  
  42  3:33  Probe, Robotics Facility  
  44  3:41  Assimilator  
  44  3:42  Phoenix (Chrono Boost)  
  44  3:43  Probe  
  44  3:44  Assimilator  
  44  3:45  Probe  
  48  3:51  Pylon  
  48  3:57  Gateway  
  48  4:00  Phoenix (Chrono Boost)  
  48  4:02  Probe x2  
  52  4:12  Pylon, Stalker  
  54  4:19  Probe x2  
  54  4:22  Immortal (Chrono Boost)  
  60  4:33  Probe x2  
  60  4:35  Robotics Bay  
  62  4:43  Pylon  
  62  4:47  Sentry  
  64  4:53  Immortal  
  66  5:09  Probe x2  
  69  5:21  Probe x2  
  69  5:26  Pylon, Nexus  
  70  5:28  Pylon  
  70  5:29  Colossus (Chrono Boost)  
  70  5:31  Extended Thermal Lance  
  76  5:37  Probe x2  
  76  5:42  Twilight Council  
  78  5:44  Forge  
  78  5:49  Probe x2  
  80  5:51  Phoenix  
  82  6:02  Probe x2  
  82  6:03  Pylon  
  84  6:10  Colossus (Chrono Boost)  
  84  6:14  Stalker  
  84  6:15  Stalker  
  94  6:21  Protoss Ground Weapons Level 1 (Chrono Boost), Probe x2  
  94  6:24  Pylon  
  96  6:27  Charge  
  96  6:33  Probe x2  
  96  6:50  Nexus  
  96  6:51  Pylon  
  96  6:52  Probe x2  
  96  6:53  Probe  
  99  6:56  Phoenix  
  102  7:01  Observer  
  102  7:04  Probe x2  
  102  7:05  Probe  
  102  7:06  Assimilator  
  102  7:07  Gateway  
  102  7:08  Gateway  
  105  7:15  Gateway  
  105  7:18  Gateway  
  105  7:20  Templar Archives  
  105  7:23  Gateway  
  105  7:27  Observer  
  105  7:28  Gateway  
  106  7:34  Gateway  
  106  7:36  Probe x3  
  109  7:38  Gateway  
  109  7:44  Observer  
  109  7:45  Colossus (Chrono Boost)  
  109  7:49  Forge  
  115  7:54  Zealot x2  
  119  8:01  Pylon  
  119  8:03  Pylon, Probe x4  
  123  8:08  Blink  
  123  8:13  High Templar x2  
  123  8:14  Zealot x3  
  123  8:19  Templar Archives  
  133  8:26  Archon  
  133  8:27  Probe x3  
  136  8:34  Zealot x3  
  136  8:35  Zealot x5  
  152  8:45  Protoss Ground Weapons Level 2 (Chrono Boost)  
  152  8:46  Protoss Ground Armor Level 1 (Chrono Boost)  
  152  8:47  Warp Prism  
  154  8:49  Gravitic Drive  
  154  8:54  Probe x3  
  154  8:55  Probe  
  158  8:56  Assimilator, Observer  
  158  8:58  Observer  
  158  9:00  Assimilator  
  158  9:01  Shield Battery  
  158  9:03  Pylon  
  158  9:09  Photon Cannon  
  158  9:22  Pylon  
  158  9:23  High Templar  
  158  9:24  High Templar x2, Zealot  
  162  9:25  High Templar, Zealot x2  
  162  9:29  Archon  
  162  9:30  Archon  
  172  9:35  Pylon  
  172  9:37  Pylon, Nexus  
  172  9:39  Pylon  
  172  9:41  Pylon  
  172  9:42  Zealot x3  
  178  9:50  Robotics Facility  
  177  9:55  Pylon  
  177  10:06  Zealot x10  
  173  10:23  Stargate  
  173  10:27  Fleet Beacon  
  161  10:32  Disruptor (Chrono Boost)  
  156  10:36  Zealot x10  
  156  10:37  Disruptor (Chrono Boost)  
  156  10:39  Dark Shrine  
  177  10:55  Shield Battery  
  177  10:58  Disruptor (Chrono Boost)  
  177  11:00  Disruptor (Chrono Boost)  
  177  11:01  Photon Cannon  
  183  11:06  Protoss Ground Weapons Level 3 (Chrono Boost), Protoss Ground Armor Level 2 (Chrono Boost)  
  183  11:25  Zealot x6  
  185  11:26  Zealot x3  
  191  11:46  Disruptor x2  
  187  11:50  Carrier x2 (Chrono Boost)  
  197  11:56  Stargate  
  197  11:59  Shadow Stride  
  197  12:01  Protoss Air Weapons Level 1  
  195  12:02  Assimilator  
  195  12:06  Assimilator  
  195  12:11  Nexus  
  195  12:14  Pylon  
  195  12:18  Zealot x4  
  195  12:27  Dark Templar x2  
  199  12:35  Warp Prism  
  191  12:38  Disruptor (Chrono Boost)  
  191  12:40  Carrier (Chrono Boost)  
  196  12:49  Photon Cannon  
  196  12:51  Photon Cannon  
  196  12:52  Photon Cannon  
  191  13:04  Carrier (Chrono Boost)  
  158  13:06  Carrier (Chrono Boost), Zealot x5  
  158  13:07  Zealot x5  
  158  13:11  Disruptor (Chrono Boost)  
  193  13:19  Disruptor (Chrono Boost)  
  196  13:26  Cybernetics Core  
  196  13:40  Stalker x2  
  190  13:56  Stalker x5  
  200  14:03  Protoss Ground Armor Level 3 (Chrono Boost)  
  200  14:06  Protoss Shields Level 1 (Chrono Boost)  
  200  14:08  Protoss Air Weapons Level 2 (Chrono Boost)  
  194  14:12  Protoss Air Armor Level 1 (Chrono Boost)  
  186  14:18  Disruptor (Chrono Boost), Warp Prism (Chrono Boost)  
  193  14:31  Carrier (Chrono Boost)  
  193  14:32  Carrier (Chrono Boost)  
  193  14:35  Assimilator  
  193  14:37  Assimilator  
  193  14:39  Photon Cannon  
  193  14:40  Carrier (Chrono Boost)  
  193  14:43  Shield Battery  
  193  15:16  Psionic Storm  
  193  15:18  Warp Prism (Chrono Boost)  
  185  15:23  High Templar x4  
  196  15:28  Gravitic Boosters  
  196  15:32  Stalker x2  
  196  15:34  Observer (Chrono Boost)  
  200  15:57  Nexus  
  200  16:06  Protoss Air Armor Level 2 (Chrono Boost)  
  199  16:19  Protoss Shields Level 2 (Chrono Boost)  
  199  16:20  Protoss Air Weapons Level 3 (Chrono Boost)  
  189  16:43  Pylon  
  189  16:46  Carrier x3 (Chrono Boost)  
  197  16:54  High Templar  
  198  17:02  High Templar  
  198  17:08  Shield Battery  
  200  17:09  Shield Battery  
  200  17:11  Shield Battery  
  200  17:12  Shield Battery  
  200  17:14  Shield Battery  
  200  17:17  Photon Cannon  
  200  17:18  Photon Cannon  
  199  17:30  Photon Cannon  
  199  17:31  Photon Cannon  
  199  17:32  Photon Cannon  
  199  17:34  Photon Cannon  
  199  17:36  Shield Battery  
  199  18:02  Observer  
  200  18:08  Pylon  
  200  18:18  Photon Cannon  
  200  18:20  Photon Cannon  
  200  18:21  Photon Cannon  
  200  18:22  Pylon  
  188  18:37  Tempest x3 (Chrono Boost)  
  197  18:46  High Templar  
  199  19:00  Photon Cannon  
  199  19:02  Photon Cannon  
  199  19:03  Photon Cannon  
  199  19:04  Shield Battery  
  199  19:07  Assimilator  
  199  19:11  Assimilator, Protoss Shields Level 3 (Chrono Boost)  
  199  19:14  Nexus  
  199  19:15  Pylon  
  182  19:41  Tempest  
  182  19:42  Protoss Air Armor Level 3, Tempest x2  
  197  19:52  Disruptor (Chrono Boost)  
  200  20:02  Photon Cannon  
  200  20:04  Photon Cannon  
  200  20:05  Photon Cannon  
  200  20:07  Photon Cannon  
  200  20:09  Photon Cannon  
  200  20:11  Shield Battery, Warp Prism (Chrono Boost)  
  200  20:12  Shield Battery  
  194  20:16  Stalker x2  
  194  20:17  Stalker  
  200  20:22  Unknown  
  195  20:43  Stalker x2  
  195  21:12  Disruptor  
  195  21:14  Dark Templar  
  200  21:32  Nexus  
  194  21:35  Pylon  
  170  21:55  Stalker x10  
  193  22:01  Disruptor (Chrono Boost)  
  193  22:06  Disruptor (Chrono Boost)  
  189  22:33  Tempest x2  
  189  22:36  Probe  
  186  22:47  High Templar  
  188  22:56  Pylon  
  194  23:01  Dark Templar x6  
  200  23:21  Photon Cannon  
  200  23:23  Photon Cannon  
  200  23:25  Dark Templar x3, Photon Cannon  
  200  23:27  Photon Cannon  
  200  23:29  Shield Battery  
  190  23:37  Tempest x2  
  170  23:49  Carrier  
  170  24:00  Disruptor x2  
  170  24:05  Dark Templar x7  
  170  24:06  Dark Templar x3  
  181  24:10  Carrier x2  
  180  24:38  High Templar x2  
  182  24:40  Assimilator  
  182  24:43  Assimilator, Warp Prism (Chrono Boost)  
  184  24:48  Tempest  
  185  25:14  Carrier  
  156  25:31  Dark Templar x3  
  156  25:32  Dark Templar x5  
  156  25:33  Dark Templar x2  
  176  25:38  Carrier x2  
  176  25:41  Archon x2  
  188  25:52  Archon  
  186  26:07  High Templar x4  
  191  26:24  Stalker x3  
  200  26:26  Carrier (Chrono Boost)  
  200  26:31  Nexus  
  190  27:02  Carrier (Chrono Boost)  
  196  27:17  Stalker x2  
  198  27:22  Observer  
  198  27:23  Observer  
  198  27:43  Warp Prism  
  186  28:20  High Templar x2, Tempest (Chrono Boost)  
  200  28:34  Carrier (Chrono Boost)  
  200  28:38  Dark Templar  
  181  29:15  Zealot x8  
  181  29:16  Zealot  
  179  29:58  Zealot x9  
  179  29:59  Zealot  
  194  30:12  Archon  
  192  30:21  Stalker x4  
  181  31:08  Zealot x3  
  181  31:09  Zealot x6  
  199  31:13  Nexus  
  199  31:16  High Templar  
  186  31:55  Zealot x4  
  186  31:56  Zealot x3  
  174  32:35  Zealot x7  
  174  32:36  Zealot x3  
  194  32:38  Probe x4  
  194  32:42  Assimilator  
  198  32:58  Nexus  
  190  33:23  Stalker x3  
  196  33:30  Stalker  
  182  34:00  Zealot x5  
  182  34:01  Zealot x5  
Show
View Real Time Build Order
Export as new Build Order

ByuN Terran 

Build Orders:  

Get SALT Encoding   

  12  0:00  SCV  
  13  0:12  SCV  
  14  0:17  Supply Depot  
  14  0:24  SCV  
  15  0:38  SCV  
  15  0:39  Barracks  
  16  0:43  Refinery  
  16  0:50  SCV  
  16  0:53  Refinery  
  17  1:03  SCV  
  18  1:15  SCV  
  19  1:26  Reaper  
  19  1:27  Orbital Command  
  19  1:28  Supply Depot  
  20  1:40  Factory  
  20  1:52  SCV  
  21  1:58  Reaper  
  22  2:04  SCV  
  23  2:16  SCV  
  23  2:19  Command Center  
  24  2:24  Hellion  
  24  2:28  SCV  
  27  2:32  Barracks Reactor  
  27  2:40  SCV, Starport  
  28  2:46  Supply Depot  
  28  2:49  Widow Mine  
  30  2:53  SCV  
  31  3:08  SCV  
  31  3:11  Marine  
  31  3:12  Marine  
  34  3:14  Widow Mine  
  36  3:20  SCV  
  36  3:25  Medivac  
  37  3:29  Marine x2  
  37  3:30  Orbital Command  
  37  3:32  SCV  
  40  3:36  Factory Tech Lab  
  40  3:44  SCV  
  40  3:47  Marine x2  
  43  3:56  SCV x2  
  43  3:57  Cyclone  
  43  3:59  Viking  
  50  4:03  Supply Depot  
  50  4:08  SCV x2  
  52  4:12  Marine x2  
  54  4:25  SCV x2  
  54  4:26  Supply Depot  
  56  4:33  Command Center  
  56  4:37  SCV x2  
  58  4:41  Marine x2  
  58  4:45  Raven, Factory Tech Lab  
  60  4:49  Supply Depot, SCV x2  
  63  5:01  SCV x2  
  65  5:12  Marine  
  65  5:13  SCV x2  
  64  5:25  SCV x2  
  64  5:26  Engineering Bay  
  64  5:27  Engineering Bay  
  66  5:29  Refinery  
  66  5:30  Refinery  
  66  5:38  Barracks, SCV x2  
  66  5:39  Barracks  
  66  5:42  Starport Reactor  
  68  5:43  Supply Depot  
  68  5:50  Barracks, SCV x2  
  68  5:52  Barracks  
  68  5:57  Marine x2, Siege Tank  
  68  6:02  SCV  
  68  6:03  SCV  
  76  6:06  Orbital Command  
  76  6:08  Terran Infantry Weapons Level 1, Terran Infantry Armor Level 1  
  75  6:14  SCV  
  75  6:15  Marine x2, SCV  
  79  6:27  Marine, Missile Turret, Stimpack  
  79  6:28  Missile Turret  
  80  6:32  Marine  
  80  6:33  Marine, SCV x2  
  80  6:34  SCV  
  80  6:36  Barracks Tech Lab  
  80  6:38  Medivac x2  
  89  6:45  SCV x2  
  88  6:48  SCV  
  88  6:54  Supply Depot  
  89  6:55  Supply Depot, Barracks Tech Lab  
  89  6:56  Missile Turret, Barracks Reactor  
  89  6:58  Marine, SCV  
  89  6:59  Marauder  
  93  7:07  Refinery  
  93  7:13  Marauder, Siege Tank, SCV x3  
  93  7:15  Supply Depot, Medivac x2  
  105  7:25  SCV x3  
  105  7:26  Armory  
  105  7:27  Combat Shield  
  108  7:33  Marauder x2  
  108  7:34  Marauder  
  114  7:40  SCV x3  
  117  7:44  Marine x3  
  117  7:45  Marine  
  117  7:48  Siege Tank  
  124  7:51  Supply Depot  
  124  7:52  Supply Depot  
  124  8:05  Marauder x3, Medivac  
  132  8:07  Concussive Shells  
  132  8:10  Command Center  
  132  8:13  Medivac  
  132  8:28  Marauder x3  
  132  8:29  Marine x4, Terran Infantry Weapons Level 2  
  132  8:30  Ghost Academy, Supply Depot  
  132  8:33  SCV  
  132  8:34  SCV x2  
  141  8:41  Terran Infantry Armor Level 2  
  141  8:43  Terran Ship Weapons Level 1  
  141  8:46  SCV  
  141  8:47  Siege Tank  
  144  8:55  Supply Depot x2  
  146  8:56  Marauder  
  146  8:57  Marauder  
  146  8:59  Marauder  
  150  9:08  Missile Turret  
  150  9:10  Marine x4  
  154  9:19  Ghost x2  
  158  9:28  Ghost  
  158  9:29  Missile Turret  
  158  9:30  Missile Turret  
  160  9:38  Barracks, SCV x3  
  163  9:39  Barracks x2  
  163  9:47  Planetary Fortress  
  163  9:50  Missile Turret, SCV x3  
  166  9:52  Ghost  
  166  9:53  Ghost  
  166  9:57  Missile Turret  
  170  10:03  SCV x3  
  170  10:04  Sensor Tower  
  166  10:15  SCV x3  
  166  10:20  Marine  
  166  10:21  Marine x2  
  169  10:22  Marine  
  169  10:27  SCV x3  
  164  10:31  Marauder x3  
  164  10:32  Starport Reactor  
  164  10:34  Siege Tank  
  172  10:36  Command Center  
  172  10:38  Barracks  
  172  10:39  Command Center, SCV x2  
  172  10:40  SCV  
  173  10:48  Enhanced Shockwaves  
  173  10:49  Terran Infantry Weapons Level 3  
  173  10:51  SCV x2  
  173  10:52  SCV  
  173  10:54  Barracks Reactor, Refinery x2  
  176  11:00  Marauder  
  176  11:01  Barracks Tech Lab  
  176  11:03  Missile Turret  
  178  11:06  SCV x2  
  178  11:07  SCV  
  178  11:09  Missile Turret  
  178  11:10  Marauder  
  178  11:11  Marine x3, Marauder  
  186  11:15  Marine  
  186  11:17  Supply Depot  
  189  11:24  Viking  
  189  11:25  Viking  
  191  11:27  SCV x3  
  185  11:39  SCV x3  
  179  11:51  SCV x3  
  181  11:54  Viking  
  181  11:55  Viking  
  181  11:59  Marine x3, Barracks Tech Lab  
  188  12:03  SCV x3  
  188  12:05  Terran Infantry Armor Level 3  
  191  12:09  Orbital Command  
  191  12:15  SCV x3  
  194  12:27  SCV x3  
  194  12:29  Ghost  
  193  12:30  Ghost x2  
  198  12:38  Missile Turret  
  198  12:39  SCV x2  
  200  12:49  Command Center  
  200  12:51  Command Center  
  200  12:52  Barracks Tech Lab  
  200  12:55  Ghost  
  186  13:00  Marauder x2  
  186  13:01  Marine x5, Ghost  
  149  13:10  Marine  
  149  13:12  Planetary Fortress  
  145  13:17  SCV x2  
  145  13:18  SCV  
  145  13:19  Marine  
  148  13:20  Marine x3  
  148  13:21  Marine, Marauder  
  148  13:22  Marauder  
  148  13:25  Marauder  
  159  13:28  Marine  
  159  13:29  Marine  
  159  13:31  Marauder  
  159  13:32  SCV x4  
  167  13:35  Missile Turret  
  167  13:38  Marine x2  
  167  13:39  Marine  
  170  13:42  Ghost x2  
  170  13:45  Factory Reactor  
  170  13:46  SCV x2  
  170  13:47  SCV x2  
  178  13:52  Marine  
  178  13:53  Marine x2  
  181  13:58  SCV  
  181  13:59  Marauder x3  
  188  14:11  Marauder  
  188  14:16  Ghost  
  177  14:17  Marine x5  
  177  14:18  Marine  
  177  14:19  Ghost  
  177  14:23  Orbital Command x2  
  178  14:26  Refinery  
  178  14:28  Command Center, Refinery  
  178  14:31  Missile Turret  
  178  14:36  Marine x6  
  178  14:37  Marine  
  187  14:49  Ghost x2  
  187  14:50  Ghost  
  191  14:55  Viking x2  
  191  14:58  Starport  
  195  15:13  Neosteel Armor  
  195  15:14  Hi-Sec Auto Tracking  
  193  15:20  Sensor Tower  
  193  15:21  Sensor Tower  
  193  15:25  Viking x2  
  197  15:39  Command Center  
  197  15:40  Command Center  
  197  15:41  Viking, Terran Ship Weapons Level 2  
  197  15:42  Command Center  
  199  15:43  Armory  
  199  15:46  Planetary Fortress  
  199  16:00  Missile Turret  
  199  16:03  Missile Turret  
  199  16:05  Missile Turret  
  199  16:07  Missile Turret x2  
  199  16:24  Starport  
  199  16:30  Missile Turret  
  199  16:32  Starport  
  176  16:47  Viking x4  
  176  16:48  Marine x5  
  176  16:51  Marauder x3  
  176  16:52  Marauder x2, Planetary Fortress  
  189  16:57  Orbital Command  
  189  17:03  Missile Turret x2  
  189  17:04  Missile Turret  
  189  17:08  Missile Turret x2  
  189  17:09  Missile Turret, Starport Reactor, Sensor Tower  
  189  17:10  Missile Turret, Starport Reactor  
  189  17:13  Marauder  
  191  17:17  Viking x4, Planetary Fortress  
  191  17:20  Terran Vehicle And Ship Armor Level 1  
  199  17:35  Missile Turret  
  199  17:36  Missile Turret  
  199  17:37  Missile Turret  
  199  17:45  Personal Cloaking  
  199  17:56  Viking  
  199  18:08  Missile Turret  
  199  18:09  Missile Turret  
  199  18:11  Command Center x2  
  199  18:16  Missile Turret  
  199  18:17  Missile Turret  
  199  18:21  Missile Turret  
  199  18:27  Ghost x3  
  193  18:30  Missile Turret x2  
  193  18:31  Missile Turret  
  193  18:33  Missile Turret, Viking, Orbital Command  
  199  18:37  Viking  
  199  18:38  Terran Ship Weapons Level 3  
  197  18:42  Viking  
  199  18:58  Command Center  
  199  19:04  Refinery x2  
  199  19:11  Nuke  
  199  19:15  Terran Vehicle Weapons Level 1  
  199  19:19  Missile Turret x3  
  199  19:21  Missile Turret  
  199  19:26  Missile Turret  
  199  19:31  Missile Turret  
  195  19:43  Viking  
  195  19:44  Viking x3  
  194  20:00  Sensor Tower  
  194  20:01  Missile Turret x2  
  194  20:02  Missile Turret  
  194  20:06  Missile Turret x2  
  194  20:16  Viking  
  194  20:17  Viking x2  
  200  20:21  Missile Turret  
  200  20:22  Missile Turret x2  
  200  20:27  Missile Turret  
  200  20:42  Viking  
  197  20:45  Viking  
  194  20:59  Viking  
  194  21:00  Viking x3  
  178  21:04  Viking  
  197  21:08  Terran Vehicle And Ship Armor Level 2  
  197  21:09  Viking  
  198  21:26  Viking  
  198  21:36  Viking x4, Ghost  
  198  21:48  Viking  
  188  22:01  Viking  
  188  22:02  Viking  
  188  22:04  Ghost  
  188  22:05  Ghost  
  188  22:07  Marauder x2  
  200  22:13  Marine x5  
  200  22:14  Marine  
  184  22:21  Viking x2  
  183  22:28  Marine x2  
  170  22:37  Ghost x3  
  167  22:46  Marine x3, Ghost  
  167  22:47  Marine x4  
  174  22:52  Viking x3  
  174  22:57  Viking  
  182  23:00  Viking  
  186  23:05  Marauder  
  186  23:06  Marauder x2  
  186  23:07  Marauder  
  192  23:13  Planetary Fortress  
  192  23:15  Marauder  
  192  23:17  Sensor Tower  
  191  23:36  Ghost x3  
  191  23:37  Missile Turret  
  194  23:46  Viking x2  
  194  23:47  Viking x2  
  189  23:55  Ghost x2  
  170  23:56  Marine x3  
  170  23:57  Marine x3  
  170  24:01  SCV x3  
  176  24:05  SCV x2  
  176  24:07  Missile Turret  
  173  24:17  Viking x4  
  181  24:27  Marine x5  
  186  24:31  Orbital Command  
  186  24:57  Viking  
  186  24:58  Viking x3  
  186  24:59  Missile Turret  
  185  25:24  Viking  
  185  25:25  Viking  
  181  25:40  Viking x3  
  187  25:52  Viking  
  186  26:07  Viking x4  
  188  26:16  Viking x2  
  190  26:26  Viking  
  190  26:27  Viking  
  194  26:59  Marine, Viking x2  
  194  27:00  Marine x3  
  198  27:09  Viking  
  200  27:24  Sensor Tower  
  200  27:49  Missile Turret  
  200  27:51  Orbital Command  
  199  28:22  Sensor Tower  
  199  28:23  Missile Turret x2  
  199  28:24  Missile Turret  
  199  28:26  Missile Turret x2  
  188  28:52  Viking x2  
  188  28:54  Viking  
  190  29:02  Marine x10  
  200  29:09  Missile Turret  
  194  29:30  Marauder  
  194  29:31  Marauder x3  
  196  29:37  Marine  
  196  29:38  Marine x6  
  185  30:00  Ghost x2  
  187  30:07  Viking x2  
  187  30:11  Ghost x2  
  195  30:15  Liberator  
  198  30:30  Sensor Tower  
  172  30:56  Marine x7  
  160  30:57  Viking x2  
  160  31:03  Marine x4  
  162  31:19  Viking x4  
  162  31:20  Viking  
  172  31:42  Orbital Command  
  172  31:52  Viking  
  153  32:31  Orbital Command  
  146  33:19  Orbital Command  
  110  34:03  Marine  
Tags
 
Add a new tag
Caveats
  • Supply blocks, unpowered buildings, or Contaminate may cause inaccurate times.
  • Supply counts are checked every 10 seconds.